 Dungeon Crawl Stone Soup version 0.28.0-53-g5a82cb258f (webtiles) character file.

Game seed: 708909704961381538

79 H0rd4k the Charlatan (level 4, -7/32 HPs)
             Began as a Human Artificer on May 24, 2022.
             Killed from afar by a deep elf pyromancer (22 damage)
             ... with a bolt of fire
             ... on level 7 of the Dungeon.
             The game lasted 00:02:46 (4320 turns).

H0rd4k the Charlatan (Human Artificer)              Turns: 4320, Time: 00:02:46

Health: -7/32      AC:  4    Str: 12    XL:     4   Next: 64%
Magic:  4/4        EV: 11    Int: 13    God:
Gold:   83         SH:  0    Dex: 14    Spells: 3/3 levels left

rFire   . . .      SeeInvis .   a - +0 club
rCold   . . .      Faith    .   (no shield)
rNeg    . . .      Spirit   .   b - +0 leather armour
rPois   .          Reflect  .   (no helmet)
rElec   .          Harm     .   (no cloak)
rCorr   .          Rampage  .   (no gloves)
Will    .....                   t - +0 pair of boots
Stlth   ++........              (no amulet)
HPRegen 0.10/turn               (no ring)
MPRegen 0.09/turn               (no ring)

@: no status effects
A: no striking features
a: no special abilities


You were on level 7 of the Dungeon.
You visited 1 branch of the dungeon, and saw 5 of its levels.

You collected 83 gold pieces.

Inventory:

Hand Weapons
 a - a +0 club (weapon)
Armour
 b - a +0 leather armour (worn)
 t - a +0 pair of boots (worn)
Magical Staves
 j - a staff of poison
Wands
 c - a wand of flame (11) (quivered)
 d - a wand of charming (8)
Scrolls
 g - 3 scrolls of identify {unknown}
 p - 2 scrolls of teleportation {unknown}
 q - a scroll of fear {unknown}
 r - a scroll of brand weapon {unknown}
 s - a scroll of fog {unknown}
Potions
 f - a potion of lignification {unknown}
 h - a potion of heal wounds {unknown}
 i - a potion of haste {unknown}
 k - a potion of mutation {unknown}
 l - 3 potions of curing {unknown}
 m - 2 potions of attraction {unknown}
 n - a potion of cancellation {unknown}
 o - a potion of flight {unknown}
 u - a potion of berserk rage {unknown}
Miscellaneous
 e - a piece from Xom's chessboard (15/15)


   Skills:
 + Level 1.5 Fighting
 + Level 1.9 Maces & Flails
 + Level 2.4 Armour
 + Level 1.4 Dodging
 + Level 1.4 Stealth
 + Level 3.6 Evocations


You had 3 spell levels left.
You didn't know any spells.
Your spell library contained the following spells:

 Spells                   Type           Power      Damage    Failure   Level
 Magic Dart               Conj           0%         1d3       36%         1
 Call Imp                 Summ           0%         N/A       52%         2
 Mephitic Cloud           Conj/Pois/Air  0%         N/A       75%         3


Dungeon Overview and Level Annotations

Branches:
Dungeon (4/15)
 Temple: D:4-7

Altars:

Shops:
D:1 (

Annotations:
D:3 exclusion: downstairs


Message History

The deep elf pyromancer casts a spell at you.
The sticky flame hits you.
You are covered in liquid flames!
Aiming: Charm
Press: ? - help, Shift-Dir - straight line, f/p - deep elf pyromancer
Aim: a deep elf pyromancer, wielding a +2 vorpal long sword and wearing a +0 scale mail (chance to affect: 40%)
The deep elf pyromancer resists with some effort.
You are covered in liquid flames!
Unknown command.
Aiming: Charm
Press: ? - help, Shift-Dir - straight line, f/p - deep elf pyromancer
Aim: a deep elf pyromancer, wielding a +2 vorpal long sword and wearing a +0 scale mail (chance to affect: 40%)
The deep elf pyromancer resists with some effort.
You are covered in liquid flames!
You are no longer on fire.
The deep elf pyromancer mumbles some strange words.
The deep elf pyromancer blinks!
Aiming: Charm
Press: ? - help, Shift-Dir - straight line, f/p - deep elf pyromancer
Aim: a deep elf pyromancer, wielding a +2 vorpal long sword and wearing a +0 scale mail (chance to affect: 40%)
The deep elf pyromancer resists with some effort.
Unknown command.
Aiming: Charm
Press: ? - help, Shift-Dir - straight line, f/p - deep elf pyromancer
Aim: a deep elf pyromancer, wielding a +2 vorpal long sword and wearing a +0 scale mail (chance to affect: 40%)
The deep elf pyromancer resists with some effort.
Unknown command.
Aiming: Charm
Press: ? - help, Shift-Dir - straight line, f/p - deep elf pyromancer
Aim: a deep elf pyromancer, wielding a +2 vorpal long sword and wearing a +0 scale mail (chance to affect: 40%)
The deep elf pyromancer resists with some effort.
Unknown command.
Aiming: Charm
Press: ? - help, Shift-Dir - straight line, f/p - deep elf pyromancer
Aim: a deep elf pyromancer, wielding a +2 vorpal long sword and wearing a +0 scale mail (chance to affect: 40%)
The deep elf pyromancer resists with some effort.
The deep elf pyromancer gestures at you while chanting.
The bolt of fire hits you!!
Ouch! That really hurt!
You die...

.....#.###.#..# #.# #
#...#...#.# #.# #..
#####...#...#.# #.#
#...#...#e..#...#.####.#
#.....#.###.#.......#
#...###[..##..######
#.###.#.....#..#
#...#...#...#
#@..#####...# #..e#
#...# ##.#... .#...
.###...##..# .. ###. ..
###


You could see a deep elf pyromancer.

Vanquished Creatures
  A bullfrog skeleton (D:4)
  An adder (D:4)
  A dart slug (D:1)
  4 endoplasms (D:2)
  A giant cockroach (D:3)
  4 hobgoblins
  A quokka (D:1)
  7 ball pythons
  5 bats
  4 frilled lizards
  7 goblins
  4 kobolds
  3 rats
43 creatures vanquished.

Notes
Turn   | Place    | Note
-------+----------+-------------------------------------------
     0 | D:1      | H0rd4k the Human Artificer began the quest for the Orb.
     0 | D:1      | Reached XP level 1. HP: 15/15 MP: 1/1
    76 | D:1      | Found Qovepithoh's Weapon Shop.
   283 | D:1      | Reached XP level 2. HP: 15/21 MP: 2/2
  1343 | D:1      | Reached XP level 3. HP: 23/26 MP: 3/3
  2577 | D:3      | Found a faded altar of an unknown god.
  2638 | D:3      | Identified the +0 robe of the Evening {rF+++ Int-5 Dex-5
                  | Archmagi}
  3837 | D:4      | Reached skill level 1 in Maces & Flails
  3837 | D:4      | Reached XP level 4. HP: 29/32 MP: 4/4
  4266 | D:4      | You fall into a shaft and drop 3 floors!
  4293 | D:7      | Noticed a deep elf pyromancer
  4320 | D:7      | Killed from afar by a deep elf pyromancer

Illustrated notes

Levels and vault maps discovered:
D:1:      lemuel_arrival_lava_pool, layout_loops_ring, serial_shops, shop
D:2:      layout_basic
D:3:      layout_basic, serial_curves, eino_curves_04, eino_curves_04,
          eino_curves_03, hellmonk_ecumenical_altar_arch_garden,
          chequers_serial_rivers_marsh
D:4:      cheibrodos_pilgrimage, layout_layer_cave
D:7:      nicolae_cairo_tiling, layout_basic, uniq_joseph

Skill      XL: |  1  2  3 |
---------------+----------+-----
Maces & Flails | 1 |  1.9
Fighting       | |  1.5
Armour         | |  2.4
Dodging        | |  1.4
Stealth        | |  1.4
Evocations     | |  3.6

Action                   |  1- 3 |  4- 6 || total
-------------------------+-------+-------++-------
Melee: Club              |   185 |    15 ||   200
       Punch             |     4 |       ||     4
Evoke: Wand              |     2 |     9 ||    11
 Stab: Sleeping          |     3 |     1 ||     4
Armor: Leather armour    |    71 |     6 ||    77
Dodge: Dodged            |   136 |     6 ||   142
